 Dungeon Crawl Stone Soup version 0.30-a0-782-ge64f9170bb (webtiles) character file.

Game seed: 6660747348478918588

5182 Smoke131 the Covert (level 10, -1/50 HPs)
             Began as a Vampire Enchanter on Feb 18, 2023.
             Was a Priest of Makhleb.
             Slain by an eight-headed hydra (9 damage)
             ... on level 8 of the Dungeon.
             The game lasted 00:29:53 (8235 turns).

Smoke131 the Covert (Vampire Enchanter)             Turns: 8235, Time: 00:29:54

Health: -1/50      AC:  7    Str:  7    XL:     10   Next: 34%
Magic:  7/17       EV: 16    Int: 24    God:    Makhleb [***...]
Gold:   123        SH:  5    Dex: 19    Spells: 8/19 levels left

rFire   . . .      SeeInvis +    z - +2 short sword (elec)
rCold   + + .      Faith    .    (no shield)
rNeg    + + +      Spirit   .    B - +0 steam dragon scales
rPois   ∞          Reflect  +    (no helmet)
rElec   .          Harm     .    (no cloak)
rCorr   +          Rampage  .    y - +1 pair of gloves
Will    +....                    (no boots)
Stlth   +++++++                  b - amulet of reflection
HPRegen 0.00/turn                v - ring of resist corrosion
MPRegen 0.15/turn                w - +6 ring of intelligence

@: sluggish, bloodless, inhibited regen, very slow
A: bloodless, fangs 3, see invisible, vampiric 2
a: Bat Form, Revivify, Renounce Religion, Minor Destruction, Lesser Servant of
Makhleb


You were on level 8 of the Dungeon.
You worshipped Makhleb.
Makhleb was most pleased with you.
You visited 2 branches of the dungeon, and saw 9 of its levels.
You also visited: Ossuary.

You collected 543 gold pieces.
You spent 420 gold pieces at shops.

Inventory:

Hand Weapons
 a - a +2 vampiric dagger
 z - a +2 short sword of electrocution (weapon)
Missiles
 h - 2 throwing nets (quivered)
Armour
 y - a +1 pair of gloves (worn)
 B - +0 steam dragon scales (worn)
Jewellery
 b - an amulet of reflection (around neck)
 v - a ring of resist corrosion (left hand)
 w - a +6 ring of intelligence (right hand)
Wands
 s - a wand of flame (14)
Scrolls
 i - a scroll of silence
 k - 3 scrolls of fear
 m - 4 scrolls of teleportation
 o - 3 scrolls of magic mapping
 p - a scroll of enchant weapon
 q - a scroll of enchant armour
 r - 3 scrolls of identify
 x - a scroll of torment
Potions
 c - 2 potions of invisibility
 d - 4 potions of ambrosia
 e - a potion of degeneration {unknown}
 f - 2 potions of mutation
 g - 6 potions of curing
 j - a potion of lignification {unknown}
 l - 3 potions of haste
 n - 5 potions of heal wounds
 t - a potion of cancellation {unknown}
 u - a potion of might {unknown}
 A - 5 potions of flight {unknown}
 C - a potion of resistance {unknown}


   Skills:
 + Level 6.8 Short Blades
 + Level 7.1 Dodging
 - Level 10.0 Stealth
 - Level 5.0 Spellcasting
 + Level 9.7 Hexes
 + Level 4.8 Ice Magic
 + Level 3.4 Air Magic
 + Level 4.4 Invocations


You had 8 spell levels left.
You knew the following spells:

 Your Spells              Type           Power      Damage    Failure   Level
a - Ensorcelled Hibernat  Hex/Ice        82%        N/A       1%          2
b - Confusing Touch       Hex            52%        N/A       1%          3
c - Tukima's Dance        Hex            52%        N/A       1%          3
d - Swiftness             Air            22%        N/A       7%          3

Your spell library contained the following spells:

 Spells                   Type           Power      Damage    Failure   Level
 Dazzling Flash           Conj/Hex       58%        N/A       3%          3
 Shock                    Conj/Air       56%        1d6       4%          1
 Airstrike                Air            11%        2d(2-18)  22%         4


Dungeon Overview and Level Annotations

Branches:
Dungeon (8/15)             Temple (1/1) D:4            Lair (0/5) D:8
Ossuary (visited)

Altars:
Ashenzari
Dithmenos
Hepliaklqana
Kikubaaqudgha
Makhleb
Nemelex Xobeh
Okawaru
Xom

Shops:
D:6 *   D:7 =


Innate Abilities, Weirdness & Mutations

You do not regenerate when monsters are visible.
You are frail without blood (-20% HP).
You can heal yourself when you bite living creatures.
You are immune to poison.
You have razor-sharp teeth.
You have supernaturally acute eyesight. (SInv)
You are afflicted with vampirism and can become a bat while bloodless.


Message History

The eight-headed hydra closely misses you.
You block the eight-headed hydra's attack.
There is an open door here.
You start to feel a little slower.
Casting: Ensorcelled Hibernation (safe; 1% risk of failure)
Confirm with . or Enter, or press ? or * to list all spells.
Aiming: Ensorcelled Hibernation (safe; 1% risk of failure)
Press: ? - help, Shift-Dir - straight line, f - you, p - eight-headed hydra
Okay, then.
Unknown command.
You feel sluggish.
Casting: Ensorcelled Hibernation (safe; 1% risk of failure)
Confirm with . or Enter, or press ? or * to list all spells.
Aiming: Ensorcelled Hibernation (safe; 1% risk of failure)
Press: ? - help, Shift-Dir - straight line, f/p - eight-headed hydra
Aim: an eight-headed hydra (heavily wounded, chance to affect: 32%)
The eight-headed hydra easily resists.
Casting: Ensorcelled Hibernation (safe; 1% risk of failure)
Confirm with . or Enter, or press ? or * to list all spells.
Aiming: Ensorcelled Hibernation (safe; 1% risk of failure)
Press: ? - help, Shift-Dir - straight line, f/p - eight-headed hydra
Aim: an eight-headed hydra (heavily wounded, chance to affect: 32%)
The eight-headed hydra easily resists.
Casting: Ensorcelled Hibernation (safe; 1% risk of failure)
Confirm with . or Enter, or press ? or * to list all spells.
Aiming: Ensorcelled Hibernation (safe; 1% risk of failure)
Press: ? - help, Shift-Dir - straight line, f/p - eight-headed hydra
Aim: an eight-headed hydra (heavily wounded, chance to affect: 32%)
The eight-headed hydra looks drowsy...
The eight-headed hydra roars!
The eight-headed hydra bites you but does no damage.
The eight-headed hydra bites you!
The eight-headed hydra bites you but does no damage.
The eight-headed hydra barely misses you.
The eight-headed hydra bites you. The eight-headed hydra bites you!
* * * LOW HITPOINT WARNING * * *
You block the eight-headed hydra's attack.
The eight-headed hydra barely misses you.
The eight-headed hydra bites you!
You die...

###.###### ###..........#
....[....♣♣ #####......#
♣♣♣.♣..♣♣.♣# ♣...#......#
♣♣♣.♣♣.[♣♣.#♣♣♣♣)#..#####
.♣♣.♣♣♣..♣♣#.....#..#
).♣.♣ ♣♣..♣#.♣♣♣♣#..#
###'## #####.....#..#
.#...#♣♣.♣♣#♣♣♣♣.#..#
.♣...♣♣...♣♣...D@#..#
.'<8>'.......♣♣♣....#
.♣...♣♣...♣♣.....#.##
.#...#♣♣.♣♣#♣♣♣♣.#.#
###'###### #.....#.#
♣.....♣♣♣♣♣#.♣♣♣♣#.#
.#####.♣♣.♣#.....#.#
|#.⌠.#.♣.♣.#♣♣♣♣.#.#
.##'##..♣♣♣# ♣...#.#


You could see an eight-headed hydra.

Vanquished Creatures
  A deep elf zephyrmancer (D:8)
  An ugly thing (D:8)
  A hornet (D:8)
  A shadow (D:8)
  2 steam dragons (D:8)
  A water moccasin (D:7)
  2 acid dragons
  2 orc warriors
  2 ogres
  4 black bears
  6 ice beasts
  2 kobold brigands (D:8)
  A phantom (D:5)
  4 elf zombies (Ossuary)
  A gnoll sergeant (D:6)
  4 scorpions
  3 bullfrogs
  2 necrophages (D:7)
  A howler monkey (D:5)
  3 centaur zombies (Ossuary)
  3 hounds
  2 orc priests
  3 jellies
  2 gnoll boudas
  4 iguanas
  7 orc wizards
  3 mummies
  Robin (D:3)
  14 gnolls
  9 adders
  A shadow imp (D:4)
  A white imp (D:8)
  A worm (D:4)
  3 dart slugs
  18 orcs
  5 bats
  4 endoplasms
  6 giant cockroaches
  5 hobgoblins
  3 jackals
  3 quokkas
  5 ball pythons
  2 frilled lizards (D:3)
  13 goblins
  2 goblin zombies (Ossuary)
  10 hobgoblin zombies (Ossuary)
  A jackal zombie (Ossuary)
  8 kobolds
  10 kobold zombies (Ossuary)
  5 orc zombies (Ossuary)
  4 rats
  A rat zombie (Ossuary)
203 creatures vanquished.

Notes
Turn   | Place    | Note
-------+----------+-------------------------------------------
     0 | D:1      | Smoke131 the Vampire Enchanter began the quest for the Orb.
     0 | D:1      | Reached XP level 1. HP: 13/13 MP: 3/3
   168 | D:1      | Reached XP level 2. HP: 19/19 MP: 5/5
   486 | D:1      | Found a faded altar of an unknown god.
   654 | D:2      | Gained mutation: You are afflicted with vampirism and can
                  | become a bat while bloodless. [Vampire growth]
   654 | D:2      | Reached XP level 3. HP: 19/19 MP: 6/6
   732 | D:2      | Reached skill level 5 in Stealth
   810 | D:2      | Reached skill level 5 in Hexes
   876 | D:2      | Learned a level 2 spell: Ensorcelled Hibernation
   880 | D:2      | Learned a level 3 spell: Confusing Touch
  1057 | D:2      | Reached XP level 4. HP: 24/24 MP: 4/7
  1840 | D:3      | Noticed Robin
  1985 | D:3      | Killed Robin
  1991 | D:3      | Reached XP level 5. HP: 20/28 MP: 1/9
  2329 | D:4      | Found a staircase to the Ecumenical Temple.
  2430 | D:4      | You fall into a shaft and drop 3 floors!
  2485 | D:7      | Noticed an ice beast
  2498 | D:7      | Killed an ice beast
  2499 | D:7      | Reached skill level 6 in Stealth
  2602 | D:7      | Noticed a water moccasin
  2649 | D:7      | Found Zeorip's Jewellery Emporium.
  2693 | D:6      | Reached XP level 6. HP: 32/32 MP: 10/10
  2730 | D:5      | Entered Level 5 of the Dungeon
  2801 | D:5      | Noticed an ice beast
  2805 | D:5      | Killed an ice beast
  2806 | D:5      | Reached XP level 7. HP: 36/36 MP: 10/12
  2943 | Temple   | Entered the Ecumenical Temple
  2979 | Temple   | Became a worshipper of Makhleb the Destroyer
  3010 | D:4      | Learned a level 3 spell: Tukima's Dance
  3127 | D:4      | Reached skill level 7 in Stealth
  3693 | D:4      | Found a broken altar of Ashenzari.
  3693 | D:4      | Found an ancient bone altar of Kikubaaqudgha.
  3693 | D:4      | Found a sparkling altar of Nemelex Xobeh.
  3906 | D:5      | Reached skill level 1 in Ice Magic
  4039 | D:5      | Reached skill level 1 in Invocations
  4334 | D:4      | Reached XP level 8. HP: 29/41 MP: 9/14
  4528 | D:5      | Reached skill level 5 in Dodging
  4648 | D:5      | Reached * piety under Makhleb
  4910 | D:6      | Found Toerylosk's General Store.
  4917 | D:6      | Reached skill level 8 in Stealth
  5041 | D:6      | Reached skill level 5 in Short Blades
  5641 | D:6      | Reached XP level 9. HP: 45/45 MP: 13/16
  5737 | D:7      | Learned a level 3 spell: Swiftness
  6125 | D:8      | Reached skill level 9 in Stealth
  6125 | D:8      | Reached skill level 5 in Spellcasting
  6125 | D:8      | Reached skill level 1 in Air Magic
  6235 | D:8      | Found a staircase to the Lair.
  6350 | D:8      | Found a sand-covered staircase.
  6357 | Ossuary  | Entered an ossuary
  6420 | Ossuary  | Reached ** piety under Makhleb
  7430 | D:8      | Reached XP level 10. HP: 50/50 MP: 17/17
  7444 | D:8      | Noticed a brown ugly thing
  7450 | D:8      | Killed a brown ugly thing
  7450 | D:8      | Reached *** piety under Makhleb
  7451 | D:8      | Reached skill level 10 in Stealth
  7700 | D:8      | Noticed an eight-headed hydra
  7700 | D:8      | Noticed a centaur warrior
  7858 | D:7      | Bought an amulet of reflection for 420 gold pieces
  8061 | D:8      | Noticed a deep elf zephyrmancer
  8064 | D:8      | Killed a deep elf zephyrmancer
  8157 | D:8      | Noticed a centaur warrior
  8235 | D:8      | Slain by an eight-headed hydra

Illustrated notes

Levels and vault maps discovered:
D:1:      minmay_arrival_plants_in_alcoves, layout_basic,
          ebering_ecumenical_altar_petrified,
          nicolae_concentric_dashed_squares_wild, hex_intersection,
          serial_park_tiny_1, corexii_item_surrounded_by_moat
D:2:      layout_rooms
D:3:      layout_basic, minmay_checkerbox, uniq_robin
D:4:      layout_basic, grunt_temple_overflow_cloverleaf,
          minmay_temple_entry_trees
D:5:      layout_basic, feat_on_display
D:6:      layout_loops_ring, serial_shops, nicolae_lakefront_shop,
          grunt_decor_fettered
D:7:      layout_loops_ring, serial_shops, nicolae_stop_n_shop_2,
          solitary_fountain
D:8:      nzn_winding_woodlands_stair_cross [nzn_winding_woodlands_5x15_parted,
          nzn_winding_woodlands_center_lodge,
          nzn_winding_woodlands_5x15_pockets, nzn_winding_woodlands_hourglass,
          nzn_winding_woodlands_5x5_open_star, nzn_winding_woodlands_5x15_cabin,
          nzn_winding_woodlands_center_diamonds,
          nzn_winding_woodlands_5x15_sidewinder], layout_rooms,
          gup_ossuary_entry_pyramid, guppyfry_early_elven_hall
Temple:   mainiacjoe_temple_bowtie_tessellation

Skill      XL: |  1  2  3  4  5  6  7  8  9 10 |
---------------+-------------------------------+-----
Stealth        | 5 6 7 8 9 10 | 10.0
Hexes          | 5 6 7 8 9 |  9.7
Short Blades   | 2 3 4 5 6 |  6.8
Dodging        | 3 4 5 6 7 |  7.1
Spellcasting   | 3 4 5 |  5.0
Ice Magic      | 1 3 4 |  4.8
Invocations    | 1 2 3 4 |  4.4
Air Magic      | 2 3 |  3.4

Action                     |  1- 3 |  4- 6 |  7- 9 | 10-12 || total
---------------------------+-------+-------+-------+-------++-------
  Melee: Dagger            |    79 |    96 |   227 |       ||   402
         Bite              |     5 |     5 |    41 |       ||    51
         Short sword       |       |       |   165 |    13 ||   178
         Punch             |       |       |     2 |       ||     2
   Cast: Ensorcelled Hiber |     1 |     5 |    67 |    14 ||    87
         Confusing Touch   |       |     1 |     7 |       ||     8
         Swiftness         |       |       |     1 |     3 ||     4
Ability: Exsanguinate      |     1 |       |       |       ||     1
    Use: Scroll            |     3 |     6 |     8 |       ||    17
         Potion            |       |       |     1 |       ||     1
   Stab: Sleeping          |    17 |    14 |    61 |    12 ||   104
         Distracted        |       |     1 |     1 |       ||     2
         Confused          |       |     1 |     5 |       ||     6
 Armour: Robe              |    14 |    12 |    58 |       ||    84
         Steam dragon scal |       |       |       |     6 ||     6
  Dodge: Dodged            |    50 |    44 |   210 |     6 ||   310
  Block: Other             |       |       |       |     2 ||     2

Table legend: (Time is in decaauts)
 A = Elapsed time spent in this place.
 B = Non-inter-level travel time spent in this place.
 C = Inter-level travel time spent in this place.
 D = Time resting spent in this place.
 E = Time spent auto-exploring this place.
 F = Levels seen in this place.
 G = Mean time per level.
                   A        B        C        D        E       F      G
               +--------+--------+--------+--------+--------+-----+--------+
         Total |   8100 |   7691 |    409 |    398 |   4479 |  10 |  810.0 |
       Dungeon |   7412 |   7026 |    386 |    398 |   4383 |   8 |  926.5 |
        Temple |     61 |     38 |     23 |      0 |     28 |   1 |   61.0 |
       Ossuary |    625 |    625 |      0 |      0 |     68 |   1 |  625.0 |
               +--------+--------+--------+--------+--------+-----+--------+

Top non-repeatable levels by time:
     D:4: 1286 daAuts
     D:3: 1081 daAuts
     D:7: 1063 daAuts
     D:8: 1033 daAuts
     D:6: 962 daAuts
     D:5: 751 daAuts
 Ossuary: 625 daAuts
     D:1: 625 daAuts
     D:2: 607 daAuts
  Temple: 61 daAuts
